 Dungeon Crawl Stone Soup version 0.25-a0-782-g655279ceaa (webtiles) character file.

Game seed: 14751523842189468159, levelgen mode: deterministic

107 tilp the Bolt Thrower (level 5, -2/29 HPs)
             Began as a Kobold Arcane Marksman on Apr 17, 2020.
             Killed from afar by an orc wizard (10 damage)
             ... with a magic dart
             ... on level 2 of the Dungeon.
             The game lasted 00:05:51 (2247 turns).

tilp the Bolt Thrower (Kobold Arcane Marksman)      Turns: 2247, Time: 00:05:53

Health: -2/29      AC:  3    Str:  8    XL:     5   Next: 10%
Magic:  6/6        EV: 14    Int: 15    God:
Gold:   49         SH:  0    Dex: 15    Spells: 0/6 levels left

rFire    . . .     SeeInvis .   b - +3 hand axe
rCold    . . .     Gourm    .   (shield restricted)
rNeg     . . .     Faith    .   l - +0 leather armour
rPois    .         Spirit   .   (no helmet)
rElec    .         Reflect  .   (no cloak)
rCorr    .         Harm     .   (no gloves)
MR       .....                  (no boots)
Stlth    +.........             (no amulet)
HPRegen  0.09/turn              (no ring)
MPRegen  0.10/turn              (no ring)

@: confused, flying
A: small, carnivore
a: no special abilities


You were on level 2 of the Dungeon.
You were very full.

You visited 1 branch of the dungeon, and saw 3 of its levels.

You collected 49 gold pieces.

Inventory:

Hand Weapons
 a - a +0 hand crossbow
 b - a +3 hand axe (weapon)
Missiles
 d - 7 bolts
Armour
 l - a +0 leather armour (worn)
Scrolls
 h - a scroll of enchant weapon {unknown}
 i - a scroll of teleportation {unknown}
 j - a scroll of blinking {unknown}
 k - a scroll of identify {unknown}
 o - a scroll of immolation {unknown}
 p - a scroll of fear {unknown}
Potions
 g - a potion of stabbing {unknown}
 m - a potion of lignification {unknown}
Comestibles
 c - 4 rations


   Skills:
 - Level 1.1 Fighting
 + Level 5.9 Crossbows
 - Level 2.4 Dodging
 - Level 1.1 Spellcasting
 - Level 3.0 Hexes


You couldn't memorise any spells.
You knew the following spells:

 Your Spells              Type           Power        Failure   Level  Hunger
a - Corona                Hex            #......      11%         1    ##.....
b - Slow                  Hex            #.......     16%         2    ###....
c - Portal Projectile     Hex/Tloc       #.....       50%         3    ####...

Your spell library contained the following spells:

 Spells                   Type           Power        Failure   Level  Hunger
 Inner Flame              Hex/Fire       #.......     50%         3    ####...
 Cause Fear               Hex            #.........   71%         4    #####..
 Leda's Liquefaction      Hex/Erth       #.........   88%         4    #####..


Dungeon Overview and Level Annotations

Branches:
Dungeon (3/15)

Altars:


Innate Abilities, Weirdness & Mutations

You are small and have problems with some larger weapons.
You are carnivorous and can eat meat at any time.


Message History

b - a +3 hand axe (weapon)
A kobold comes into view.
You completely miss something.
An orc comes into view. It is wielding a +0 club.
You completely miss something. Something completely misses you.
Unknown command.
You miss something.
The orc shouts!
You hear a shout!
Something completely misses you.
Unknown command.
It was a potion of flight.
You feel very buoyant.
You fly up into the air.
It was a potion of ambrosia.
You are confused.
You feel invigorated.
You hear some strange, mumbled words.
A magic dart appears from out of thin air!
The magic dart hits you!
You die...

.(( #K. #... .(. #.#.#
#.# #. #.#.# #o#
#>###.#.# #S#
#.#.....## #{#
#.#.##...###@#
#...##.#...).#
######..##...##..#
........)....##........
#####..####.##.......#
#..# #.#######... #..#
#.# ## #..####.#
#.......#


You could see an adder, an orc and a kobold.

Vanquished Creatures
  An orc priest (D:3)
  An orc wizard (D:2)
  2 dart slugs (D:1)
  5 orcs
  A ball python (D:2)
  5 bats (D:1)
  A giant cockroach (D:1)
  7 goblins
  7 jackals (D:1)
  3 frilled lizards
  3 kobolds (D:1)
  4 rats (D:1)
40 creatures vanquished.

Notes
Turn   | Place    | Note
-------+----------+-------------------------------------------
     0 | D:1      | tilp the Kobold Arcane Marksman began the quest for the
                  | Orb.
     0 | D:1      | Reached XP level 1. HP: 12/12 MP: 2/2
   150 | D:1      | Reached skill level 3 in Crossbows
   151 | D:1      | Reached XP level 2. HP: 10/16 MP: 1/3
   669 | D:1      | Reached skill level 4 in Crossbows
   669 | D:1      | Reached XP level 3. HP: 10/20 MP: 1/4
  1690 | D:2      | You fall into a shaft and drop 1 floor!
  1720 | D:3      | Reached XP level 4. HP: 23/25 MP: 5/5
  1727 | D:3      | Reached skill level 5 in Crossbows
  2036 | D:2      | Reached XP level 5. HP: 22/29 MP: 6/6
  2115 | D:2      | Learned a level 2 spell: Slow
  2119 | D:2      | Learned a level 3 spell: Portal Projectile
  2247 | D:2      | Killed from afar by an orc wizard

Levels and vault maps discovered:
D:1:      dpeg_arrival_fog, layout_basic, hex_large
D:2:      layout_loops_ring
D:3:      layout_loops_ring, first_ration, minmay_misc_feat_five

Skill      XL: |  1  2  3  4 |
---------------+-------------+-----
Crossbows      | 3 4 5 |  5.9
Fighting       | |  1.1
Dodging        | |  2.4
Spellcasting   | |  1.1
Hexes          | |  3.0

Action                   |  1- 3 |  4- 6 || total
-------------------------+-------+-------++-------
Melee: Short sword       |   110 |       ||   110
       Unarmed           |     5 |       ||     5
       Hand axe          |     3 |    11 ||    14
 Fire: Hand crossbow     |    33 |    18 ||    51
 Cast: Corona            |    23 |     1 ||    24
  Use: Potion            |       |     2 ||     2
  Eat: Chunk             |    12 |     1 ||    13
Armor: Robe              |    31 |       ||    31
       Leather armour    |    10 |     1 ||    11
Dodge: Dodged            |   115 |     5 ||   120

Table legend:
 A = Non-vault XP
 B = Vault XP
 C = Vault XP percentage of total XP
 D = Non-vault monster count
 E = Vault monster count
 F = Vault count percentage of total count
                 A         B        C        D         E       F
            +---------+---------+-------+---------+---------+-------
      Total |     153 |       0 |   0.0 |      40 |       0 |   0.0
            +---------+---------+-------+---------+---------+-------
        D:1 |      55 |       0 |   0.0 |      30 |       0 |   0.0
        D:2 |      44 |       0 |   0.0 |       4 |       0 |   0.0
        D:3 |      54 |       0 |   0.0 |       6 |       0 |   0.0
            +---------+---------+-------+---------+---------+-------
